 Dungeon Sprint DCSS version 0.28-a0-233-gb8ca4b6547 (webtiles) character file.

Game seed: 996861893598946408

26212 MikeHunt the Fencer (level 13, -1/119 HPs)
             Began as a Formicid Fighter on Aug 22, 2021.
             Was the Champion of Okawaru.
             Killed by drain life
             ... invoked by a soul eater
              (18 damage)
             ... in the Dungeon (Sprint VII: "The Pits").
             The game lasted 00:15:09 (3902 turns).

MikeHunt the Fencer (Formicid Fighter)              Turns: 3902, Time: 00:15:09

Health: -1/119     AC: 20    Str: 25    XL:     13   Next: 56%
Magic:  20/20      EV: 16    Int:  8    God:    Okawaru [******]
Gold:   34         SH: 11    Dex: 14    Spells: 12/12 levels left

rFire   . . .      SeeInvis +   b - +2 scimitar (holy)
rCold   . . .      Faith    .   c - +0 kite shield
rNeg    . . .      Spirit   .   n - +3 plate armour
rPois   .          Reflect  .   (helmet unavailable)
rElec   .          Harm     .   (no cloak)
rCorr   .          Rampage  .   (no gloves)
Will    +....                   (no boots)
Stlth   ..........              (no amulet)
HPRegen 0.29/turn               l - +3 ring of evasion
MPRegen 0.17/turn               m - +3 ring of strength

@: no status effects
A: permanent stasis, dig shafts and tunnels, antennae 3, four strong arms
a: Dig, Renounce Religion, Heroism, Finesse, Duel


You were in the Dungeon.
You worshipped Okawaru.
Okawaru was exalted by your worship.
You visited 1 branch You collected 34 gold pieces.

Inventory:

Hand Weapons
 a - a +4 falchion of electrocution {god gift}
 b - a +2 scimitar of holy wrath (weapon)
 i - a +0 long sword
 k - a +3 great sword
 q - a +2 long sword of flaming
Missiles
 h - 6 javelins
Armour
 c - a +0 kite shield (worn)
 j - a +3 chain mail
 n - a +3 plate armour (worn)
 o - a +0 scale mail
 t - the +3 tower shield of the Thunderstorm {god gift, rElec rPois Str-5}
   (Okawaru gifted it to you in the Dungeon)

   Str:       It affects your strength (-5).
   rElec:     It insulates you from electricity.
   rPois:     It protects you from poison.
Jewellery
 e - a +6 ring of dexterity
 l - a +3 ring of evasion (left hand)
 m - a +3 ring of strength (right hand)
 w - an amulet of the acrobat
 y - a ring of fire
Wands
 z - a wand of mindburst (9)
Scrolls
 r - 2 scrolls of fog
 s - 2 scrolls of fear
 u - 2 scrolls of enchant armour
 v - 2 scrolls of enchant weapon
 x - a scroll of identify
Potions
 d - 4 potions of might
 f - 3 potions of heal wounds
 g - 4 potions of magic
 p - 2 potions of brilliance


   Skills:
 + Level 16.3 Fighting
 + Level 18.7 Long Blades
 + Level 16.4 Armour
 + Level 13.8 Dodging
 - Level 9.0 Shields
 - Level 10.0 Invocations


You had 12 spell levels left.
You didn't know any spells.
Your spell library contained the following spells:

 Spells                   Type           Power      Damage    Failure   Level
 Sting                    Tmut/Pois      0%         1d3       96%         1
 Wereblood                Tmut           0%         N/A       99%         2
 Dragon Form              Tmut           0%         N/A       100%        7
 Call Canine Familiar     Summ           Unusable   N/A       N/A         3

Dungeon Overview and Level Annotations

Branches:
Dungeon (1/1)

Altars:
Ashenzari
Cheibriados
Dithmenos
Elyvilon
Fedhas
Gozag
Hepliaklqana
Kikubaaqudgha
Makhleb
Nemelex Xobeh
Okawaru
Qazlal
Ru
Sif Muna
Trog
Uskayaw
Vehumet
Wu Jian
Xom
Yredelemnul
Zin
The Shining One
Beogh
Jiyva
Lugonu


Innate Abilities, Weirdness & Mutations

You cannot be hasted, slowed, berserked, paralysed or teleported.
You can dig through walls and to a lower floor.
You have a pair of large antennae on your head. (SInv)
Your four strong arms can wield two-handed weapons with a shield.


Message History

The freezing wraith hits you but does no damage.
You closely miss the freezing wraith.
The freezing wraith is lightly damaged.
You closely miss the freezing wraith.
The freezing wraith is lightly damaged.
You block the freezing wraith's attack. The freezing wraith misses you.
You hit the freezing wraith.
The freezing wraith is lightly damaged.
The freezing wraith misses you.
You riposte.
You slice the freezing wraith!!
The freezing wraith is severely damaged.
You block the freezing wraith's attack.
You slash the freezing wraith!
The freezing wraith is almost destroyed.
The freezing wraith hits you but does no damage.
The freezing wraith hits you.
* * * LOW HITPOINT WARNING * * *
The freezing wraith drains your vigour!
Your stasis prevents you from being slowed.
You slice the freezing wraith!!
You destroy the freezing wraith!
Okawaru accepts your kill.
You completely miss the soul eater. The soul eater barely misses you.
Your +2 scimitar of holy wrath softly glows with a divine radiance!
b - a +2 scimitar of holy wrath (weapon)
You slash the soul eater!
The soul eater convulses!!
The soul eater is severely wounded.
The soul eater draws from the surrounding life force!
* * * LOW HITPOINT WARNING * * *
The soul eater is healed.
You hit the soul eater but do no damage.
The soul eater is heavily wounded.
The soul eater closely misses you.
You riposte.
You hit the soul eater but do no damage.
The soul eater is heavily wounded.
You completely miss the soul eater.
The soul eater is heavily wounded.
You barely miss the soul eater.
The soul eater is heavily wounded.
The soul eater draws from the surrounding life force!
You die...

#########{### ############
{.......[)... #_________.#
..{.....{.... #_________.#
#######'{####
#_______...###########''####
##########'##...............
#.?(!')))'.##......#..#.....
##########)##[..............
#........†÷@3...............
#'#####'#####†.....#..#.....
#.#...).#.[##...............
#.#.....#).#####'#####''####
#.###)###))##.......##''# ##
#.#.....#))##.......##..###.
#.#.....#..##.......##.))##.
#.####'##'###...<...###.).##
#.#........##.......# ##.)..


You could see a soul eater.

Vanquished Creatures
  A tentacled monstrosity (D)
  A death cob (D)
  Aizul (D)
  A ghost moth (D)
  A minotaur (D)
  A green death (D)
  A boulder beetle (D)
  An anaconda (D)
  3 hell hogs (D)
  A death yak (D)
  An orc high priest (D)
  A sun demon (D)
  A sea snake (D)
  2 phantasmal warriors (D)
  A flayed ghost (D)
  An orc knight (D)
  A deep elf zephyrmancer (D)
  A wolf spider (D)
  2 black mambas (D)
  2 elephants (D)
  An orange demon (D)
  A freezing wraith (D)
  A rime drake (D)
  A kobold demonologist (D)
  A komodo dragon (D)
  3 hornets (D)
  2 polar bears (D)
  2 jumping spiders (D)
  Grinder (D)
  A wind drake (D)
  5 blink frogs (D)
  A snapping turtle (D)
  5 redbacks (D)
  3 yaks (D)
  2 tarantellas (D)
  An air elemental (D)
  A steam dragon (D)
  A warg (D)
  3 water moccasins (D)
  A small abomination (D)
  A floating eye (D)
  4 orc warriors (D)
  A black bear (D)
  An ice beast (D)
  2 sky beasts (D)
  An ogre (D)
  7 wolves (D)
  A phantom (D)
  4 kobold brigands (D)
  A bullfrog (D)
  An earth elemental (D)
  2 scorpions (D)
  9 wights (D)
  3 orc priests (D)
  A gnoll shaman (D)
  An iron imp (D)
  An iguana (D)
  A mummy (D)
  5 gnolls (D)
  A river rat (D)
  4 orcs (D)
  A goblin (D)
  6 jackals (D)
  2 quokkas (D)
  A ball python (D)
  A bat (D)
  A bat simulacrum (D)
  2 frilled lizards (D)
  3 kobolds (D)
  A rat (D)
132 creatures vanquished.

Notes
Turn   | Place    | Note
-------+----------+-------------------------------------------
     0 | D        | MikeHunt the Formicid Fighter began the quest for the Orb.
     0 | D        | Reached XP level 1. HP: 18/18 MP: 1/1
    16 | D        | Reached skill level 3 in Long Blades
    16 | D        | Reached skill level 5 in Shields
    16 | D        | Reached XP level 2. HP: 10/24 MP: 2/2
    20 | D        | Found a bloodstained altar of Trog.
    20 | D        | Found a shimmering blue altar of Sif Muna.
    20 | D        | Found a viscous altar of Jiyva.
    20 | D        | Found a hazy altar of Hepliaklqana.
    20 | D        | Found an opulent altar of Gozag.
    21 | D        | Found a glowing golden altar of the Shining One.
    21 | D        | Found a glowing silver altar of Zin.
    21 | D        | Found a basalt altar of Yredelemnul.
    21 | D        | Found a shimmering altar of Xom.
    21 | D        | Found an ornate altar of the Wu Jian Council.
    21 | D        | Found a sacrificial altar of Ru.
    21 | D        | Found a stormy altar of Qazlal.
    21 | D        | Found an iron altar of Okawaru.
    21 | D        | Found a sparkling altar of Nemelex Xobeh.
    21 | D        | Found a burning altar of Makhleb.
    21 | D        | Found a blossoming altar of Fedhas.
    21 | D        | Found a white marble altar of Elyvilon.
    21 | D        | Found a shadowy altar of Dithmenos.
    21 | D        | Found a snail-covered altar of Cheibriados.
    22 | D        | Found a radiant altar of Vehumet.
    22 | D        | Found a corrupted altar of Lugonu.
    23 | D        | Found an ancient bone altar of Kikubaaqudgha.
    23 | D        | Found a hide-covered altar of Uskayaw.
    23 | D        | Found a broken altar of Ashenzari.
    27 | D        | Became a worshipper of Warmaster Okawaru
   313 | D        | Noticed a phantom
   318 | D        | Reached skill level 4 in Long Blades
   335 | D        | Killed a phantom
   335 | D        | Reached * piety under Okawaru
   336 | D        | Reached skill level 6 in Long Blades
   336 | D        | Reached XP level 3. HP: 16/29 MP: 3/3
   336 | D        | Reached XP level 4. HP: 19/35 MP: 4/4
   425 | D        | Reached XP level 5. HP: 29/41 MP: 5/5
   605 | D        | Reached skill level 7 in Long Blades
   612 | D        | Reached skill level 8 in Long Blades
   612 | D        | Reached skill level 5 in Invocations
   612 | D        | Reached XP level 6. HP: 25/47 MP: 5/9
   762 | D        | Noticed a water moccasin
   778 | D        | Killed a water moccasin
   778 | D        | Reached ** piety under Okawaru
   779 | D        | Reached skill level 10 in Long Blades
   781 | D        | Reached skill level 11 in Long Blades
   996 | D        | Reached XP level 7. HP: 51/52 MP: 10/10
  1007 | D        | Reached skill level 12 in Long Blades
  1023 | D        | Reached skill level 13 in Long Blades
  1031 | D        | Reached *** piety under Okawaru
  1032 | D        | Reached XP level 8. HP: 51/58 MP: 11/11
  1036 | D        | Noticed a blink frog
  1036 | D        | Noticed a blink frog
  1036 | D        | Noticed a blink frog
  1037 | D        | Noticed a blink frog
  1037 | D        | Noticed a blink frog
  1056 | D        | Reached skill level 14 in Long Blades
  1059 | D        | Killed a blink frog
  1078 | D        | Killed a blink frog
  1079 | D        | Reached skill level 5 in Fighting
  1079 | D        | Reached skill level 5 in Armour
  1118 | D        | Killed a blink frog
  1119 | D        | Reached XP level 9. HP: 38/71 MP: 12/12
  1119 | D        | Killed a blink frog
  1120 | D        | Reached skill level 5 in Dodging
  1120 | D        | Killed a blink frog
  1120 | D        | Reached **** piety under Okawaru
  1278 | D        | Noticed a phantasmal warrior
  1287 | D        | Killed a phantasmal warrior
  1292 | D        | Noticed a jumping spider
  1315 | D        | Killed a jumping spider
  1391 | D        | Noticed a polar bear
  1409 | D        | Reached XP level 10. HP: 83/83 MP: 13/13
  1443 | D        | Reached skill level 10 in Fighting
  1443 | D        | Reached skill level 10 in Armour
  1453 | D        | Reached ***** piety under Okawaru
  1646 | D        | Noticed a rime drake
  1651 | D        | Reached skill level 15 in Long Blades
  1657 | D        | Killed a rime drake
  1657 | D        | Received a gift from Okawaru
  1668 | D        | Noticed a black mamba
  1677 | D        | Killed a black mamba
  1844 | D        | Noticed a flayed ghost
  1881 | D        | Killed a flayed ghost
  1882 | D        | Reached XP level 11. HP: 84/93 MP: 14/14
  1920 | D        | Noticed a sun demon
  1937 | D        | Killed a sun demon
  1955 | D        | Noticed a wolf spider
  1955 | D        | Noticed Grinder
  1958 | D        | Noticed a sea snake
  1969 | D        | Reached skill level 16 in Long Blades
  1969 | D        | Reached skill level 10 in Dodging
  1975 | D        | Killed a wolf spider
  1982 | D        | Killed Grinder
  2231 | D        | Noticed a phantasmal warrior
  2241 | D        | Noticed an orc high priest
  2264 | D        | Killed a phantasmal warrior
  2269 | D        | Killed a sea snake
  2284 | D        | Killed an orc high priest
  2375 | D        | Got Zap Ruud's Volume of Shape Shifting and Creation
  2477 | D        | Noticed an elephant
  2486 | D        | Killed an elephant
  2487 | D        | Reached XP level 12. HP: 99/105 MP: 17/17
  2514 | D        | Received a gift from Okawaru
  2524 | D        | Noticed a boulder beetle
  2524 | D        | Noticed a ghost moth
  2535 | D        | Killed a ghost moth
  2545 | D        | Killed a boulder beetle
  2546 | D        | Reached skill level 17 in Long Blades
  2802 | D        | Noticed a death yak
  2802 | D        | Noticed a green death
  2812 | D        | Killed a death yak
  2817 | D        | Killed a green death
  3161 | D        | Reached skill level 10 in Invocations
  3405 | D        | Noticed a hell hog
  3405 | D        | Noticed a hell hog
  3405 | D        | Noticed a hell hog
  3416 | D        | Killed a hell hog
  3419 | D        | Received a gift from Okawaru
  3420 | D        | Noticed Aizul
  3426 | D        | Noticed a tentacled monstrosity
  3432 | D        | Killed a tentacled monstrosity
  3432 | D        | Reached ****** piety under Okawaru
  3433 | D        | Reached skill level 15 in Fighting
  3433 | D        | Reached skill level 15 in Armour
  3476 | D        | Killed Aizul
  3477 | D        | Reached XP level 13. HP: 22/116 MP: 17/20
  3503 | D        | Reached skill level 18 in Long Blades
  3536 | D        | Noticed a minotaur
  3549 | D        | Killed a minotaur
  3838 | D        | Noticed an anaconda
  3842 | D        | Noticed a death cob
  3852 | D        | Killed a death cob
  3865 | D        | Killed an anaconda
  3874 | D        | Identified the +3 tower shield of the Thunderstorm {god
                  | gift, rElec rPois Str-5} (Okawaru gifted it to you in the
                  | Dungeon)
  3874 | D        | Received a gift from Okawaru
  3902 | D        | Killed from afar by a soul eater

Illustrated notes

Levels and vault maps discovered:
D:        pitsprint [storerooms_1, entrance_room_1, metal_vault_5, armoury_2,
          mini_pit_1, grid_room_1, main_hall_1, silver_pit, the_coven_3,
          the_vestibule_1, steel_vault_1, golden_pit, hallway_of_sentries,
          crystal_vault_2, iron_vault_1, final_vault]

Skill      XL: |  1  2  3  4  5  6  7  8  9 10 11 12 13 |
---------------+----------------------------------------+-----
Long Blades    | 3 6 8 11 13 14 15 16 17 18 | 18.7
Shields        | 5 8 9 |  9.0
Invocations    | 5 7 10 | 10.0
Fighting       | 6 9 11 13 15 16 | 16.3
Armour         | 6 9 11 13 15 16 | 16.4
Dodging        | 4 7 9 11 12 13 | 13.8

Action                   |  1- 3 |  4- 6 |  7- 9 | 10-12 | 13-15 || total
-------------------------+-------+-------+-------+-------+-------++-------
Melee: Long sword        |    37 |    56 |   128 |    52 |       ||   273
       Scimitar          |       |       |     8 |    13 |     4 ||    25
       Falchion          |       |       |       |    84 |       ||    84
       Great sword       |       |       |       |   189 |    73 ||   262
Invok: Heroism           |       |       |     2 |    11 |     2 ||    15
       Finesse           |       |       |       |     3 |     1 ||     4
  Use: Potion            |     1 |       |     1 |    21 |     3 ||    26
 Stab: Invisible         |     1 |     2 |       |       |    10 ||    13
Armor: Scale mail        |    15 |     3 |       |       |       ||    18
       Chain mail        |       |    11 |    15 |       |       ||    26
       Plate armour      |       |       |    11 |    60 |    20 ||    91
Dodge: Dodged            |     7 |    15 |    31 |    85 |    31 ||   169
Block: Kite shield       |    17 |    25 |    57 |   126 |    39 ||   264
       Rpst.: Long sword |     4 |     7 |     7 |     3 |       ||    21
       Falchion          |       |       |       |     2 |     1 ||     3
       Scimitar          |       |       |       |     2 |     1 ||     3
       Great sword       |       |       |       |    14 |     7 ||    21

Table legend: (Time is in decaauts)
 A = Elapsed time spent in this place.
 B = Non-inter-level travel time spent in this place.
 C = Inter-level travel time spent in this place.
 D = Time resting spent in this place.
 E = Time spent auto-exploring this place.
 F = Levels seen in this place.
 G = Mean time per level.
                   A        B        C        D        E       F      G
               +--------+--------+--------+--------+--------+-----+--------+
         Total |   3702 |   3619 |     83 |   2281 |      0 |   1 | 3702.0 |
       Dungeon |   3702 |   3619 |     83 |   2281 |      0 |   1 | 3702.0 |
               +--------+--------+--------+--------+--------+-----+--------+

Top non-repeatable levels by time:
       D: 3702 daAuts
